Hurricanes vs Canucks

Created - January 13, 2017 at 17:29

Goals
1 2 3 T
Hurricanes 1 2 2 5
Canucks 3 0 0 3
Shots
1 2 3 T
Hurricanes 14 8 9 31
Canucks 14 11 5 30

1st period

1. Canucks , Evgeny Kuznetsov 17 (Reilly Smith, Evander Kane) at 0:16
2. Hurricanes , Michael Frolik 15 (Bryan Little) at 14:34
3. Canucks , Brent Burns 7 (Reilly Smith, Evgeny Kuznetsov) at 15:14
4. Canucks , Logan Couture 10 (Cody Ceci, Erik Karlsson) at 19:47

Penalties :
Brian Dumoulin (CAR) for Interference (Minor) at 0:24, Matt Beleskey (VAN) for Cross-checking (Minor) at 3:11, Frederik Andersen (CAR) for Slashing (Minor) at 6:56 - Marcus Foligno served the penalty.

2nd period

5. Hurricanes , Zach Parise 28 (Michael Frolik, Bryan Little) at 6:26
6. Hurricanes , Zach Parise 29 (Bryan Little, Ron Hainsey) at 10:22

Penalties :
Dustin Byfuglien (CAR) for Holding (Minor) at 0:19

3rd period

7. Hurricanes , Zach Parise 30 (Bryan Little) at 9:00 (PP)
8. Hurricanes , Ron Hainsey 5 (Leo Komarov) at 15:38 (PP)

Penalties :
Alexander Burmistrov (VAN) for Goalie Interference (Minor) at 1:22, Matt Beleskey (VAN) for Checking from behind (Minor) at 8:02, Marcus Foligno (CAR) for Boarding (Minor) at 9:43, Chris Kreider (VAN) for Hooking (Minor) at 15:02

Goalie Stats

Frederik Andersen (CAR), 11 saves from 14 shots - (0.786), 19:47 minutes
Eddie Lack (CAR), 16 saves from 16 shots - (1.000), W, 11-5-1, 40:13 minutes
Henrik Lundqvist (VAN), 26 saves from 31 shots - (0.839), L, 16-15-7, 60:00 minutes

Players Stats for Hurricanes

Player Name              G  A  P  +/- PIM S  H  SB GA TA FO     MP     PP MP  PK MP  
------------------------------------------------------------------------------------
Alex Chiasson            0  0  0   0  0   0  0  0  0  0  0/0     7:41   0:00   2:55 
Brad Richardson          0  0  0   0  0   2  0  1  0  0  7/20   14:03   0:00   5:01 
Brian Boyle              0  0  0   0  0   0  1  0  0  0  7/12    7:41   0:00   2:55 
Brian Dumoulin           0  0  0   0  2   0  1  2  0  0  0/0    18:44   0:00   3:51 
Brian Strait             0  0  0   1  0   0  4  1  0  0  0/0     6:09   0:00   1:48 
Bryan Little             0  4  4   1  0   2  0  0  0  0  12/25  19:38   2:39   0:00 
Dustin Byfuglien         0  0  0  -1  2   2  2  3  0  0  0/0    22:23   2:34   2:17 
Jamie McGinn             0  0  0  -1  0   1  0  0  0  0  1/1    18:24   2:39   0:00 
Jordan Oesterle          0  0  0   1  0   0  0  1  0  0  0/0    17:03   2:58   0:00 
Keith Yandle             0  0  0   0  0   0  1  1  0  0  0/0    17:28   2:34   0:00 
Kyle Quincey             0  0  0   0  0   0  1  2  0  0  0/0    12:54   0:07   3:03 
Lee Stempniak            0  0  0  -1  0   4  2  0  0  0  0/3    18:38   2:53   0:00 
Leo Komarov              0  1  1  -1  0   3  2  1  0  0  6/14   18:38   2:53   0:00 
Marcus Foligno           0  0  0   0  2   2  2  0  0  0  0/0     9:01   0:00   0:00 
Michael Frolik           1  1  2   1  0   5  1  0  0  0  1/1    22:00   0:00   5:01 
Nick Foligno             0  0  0   0  0   3  2  1  0  0  0/1    16:41   2:53   0:00 
Ron Hainsey              1  1  2  -1  0   2  0  2  0  0  0/0    25:17   2:51   4:53 
Zach Parise              3  0  3   1  0   5  2  0  0  0  0/1    19:38   2:39   0:00 

Players Stats for Canucks

Player Name              G  A  P  +/- PIM S  H  SB GA TA FO     MP     PP MP  PK MP  
------------------------------------------------------------------------------------
Adam Henrique            0  0  0   0  0   3  1  0  0  0  1/1    22:05   4:03   3:09 
Alex Pietrangelo         0  0  0  -1  0   0  1  2  0  0  0/0    23:27   4:01   3:10 
Alexander Burmistrov     0  0  0   0  2   3  0  0  0  0  1/1    11:40   0:00   0:56 
Brent Burns              1  0  1  -1  0   3  0  2  0  0  0/0    20:24   3:55   0:13 
Chris Kreider            0  0  0   0  2   3  1  1  0  0  1/2    11:44   0:00   1:00 
Cody Ceci                0  1  1   1  0   1  3  0  0  0  0/0    18:42   0:00   2:04 
Curtis Lazar             0  0  0   0  0   0  1  0  0  0  1/2     7:25   0:00   1:59 
Erik Karlsson            0  1  1   1  0   2  2  2  0  0  0/0    22:37   3:55   2:04 
Evander Kane             0  1  1   0  0   0  2  0  0  0  0/0    19:21   3:53   0:00 
Evgeny Kuznetsov         1  1  2   0  0   1  1  0  0  0  13/21  19:31   4:03   0:00 
Jonas Brodin             0  0  0   0  0   0  1  3  0  0  0/0    17:06   0:00   3:28 
Logan Couture            1  0  1   0  0   4  1  1  0  0  12/21  18:46   3:53   0:00 
Matt Beleskey            0  0  0   0  4   0  1  0  0  0  0/0     5:38   0:00   0:14 
Mikkel Boedker           0  0  0   0  0   2  0  0  0  0  1/1    18:46   3:53   0:00 
Radek Faksa              0  0  0   0  0   0  1  0  0  0  6/15    8:59   0:00   3:33 
Reilly Smith             0  2  2   0  0   5  0  0  0  0  0/0    19:31   4:03   0:00 
Robby Fabbri             0  0  0   0  0   2  0  0  0  0  8/14   10:45   0:00   0:00 
Simon Despres            0  0  0   0  0   1  1  2  0  0  0/0    17:57   4:01   0:18 

3 Stars

1 - Zach Parise (CAR)
2 - Bryan Little (CAR)
3 - Michael Frolik (CAR)

Power Play

Hurricanes - 2 on 4 Attempt(s) - 50.00%
Canucks - 0 on 4 Attempt(s) - 0.00%

Penalty Kill

Hurricanes - 4 on 4 Attempt(s) - 100.00% - Score 0 goal in Penalty Kill
Canucks - 2 on 4 Attempt(s) - 50.00% - Score 0 goal in Penalty Kill

Team Stat

Hurricanes - Hits : 21 - Faceoff Wins : 34 - Blocked Shots : 15 - Penalty Minutes : 8
Canucks - Hits : 17 - Faceoff Wins : 44 - Blocked Shots : 13 - Penalty Minutes : 8

Official

Referees : Graham Skiliter and Greg Kimmerly
Linesman : Andy McElman and Greg Devorski

Game Notes

Eddie Lack enters game at 19:47 of 1st period
Zach Parise has scored a Hat Trick!

Finance

Level 1 -- Attendance: 6177 (95.03%) -- Ticket Income $555,930
Level 2 -- Attendance: 5000 (100.00%) -- Ticket Income $350,000
Level 3 -- Attendance: 2939 (83.97%) -- Ticket Income $138,133
Level 4 -- Attendance: 2886 (99.18%) -- Ticket Income $72,150
Luxury Box -- Attendance: 767 (76.70%) -- Ticket Income $191,750
Game was played at the Rogers Arena.
Total Attendance: 17769 (93.97%)
Total Ticket Income: $1,307,963
Other Income: $196,194
Total Income: $1,504,157

% Time on Ice - Hurricanes

Lines # - Real PCT - Wanted PCT - Time Play
Normal Forward
1 - 36% - 38% - 16:59
2 - 34% - 31% - 15:45
3 - 19% - 20% - 9:02
4 - 10% - 11% - 4:46
Normal Defense
1 - 38% - 38% - 17:33
2 - 32% - 31% - 14:54
3 - 21% - 20% - 9:44
4 - 9% - 11% - 4:21
PP Forward
1 - 48% - 55% - 2:39
2 - 52% - 45% - 2:53
PP Defense
1 - 46% - 58% - 2:34
2 - 54% - 42% - 2:58
PK Forward
1 - 63% - 56% - 5:01
2 - 37% - 44% - 2:55
PK Defense
1 - 62% - 58% - 4:53
2 - 38% - 42% - 3:03
PK3 Forward
1 - 0% - 55%
2 - 0% - 45%
PK3 Defense
1 - 0% - 57%
2 - 0% - 43%
44 Forward
1 - 0% - 56%
2 - 0% - 44%
44 Defense
1 - 0% - 57%
2 - 0% - 43%
Last Minute Offensive  - 0:00
Last Minute Defensive  - 0:00
Total
Forward - 60:00
Defense - 60:00

% Time on Ice - Canucks

Lines # - Real PCT - Wanted PCT - Time Play
Normal Forward
1 - 33% - 33% - 15:28
2 - 32% - 31% - 14:53
3 - 23% - 24% - 10:45
4 - 12% - 12% - 5:26
Normal Defense
1 - 35% - 34% - 16:16
2 - 36% - 33% - 16:38
3 - 29% - 28% - 13:38
4 - 0% - 5% - 0:00
PP Forward
1 - 51% - 57% - 4:03
2 - 49% - 43% - 3:53
PP Defense
1 - 49% - 53% - 3:55
2 - 51% - 47% - 4:01
PK Forward
1 - 64% - 55% - 3:33
2 - 36% - 45% - 1:59
PK Defense
1 - 63% - 50% - 3:28
2 - 37% - 50% - 2:04
PK3 Forward
1 - 0% - 52%
2 - 0% - 48%
PK3 Defense
1 - 0% - 51%
2 - 0% - 49%
44 Forward
1 - 0% - 55%
2 - 0% - 45%
44 Defense
1 - 0% - 52%
2 - 0% - 48%
Last Minute Offensive  - 0:00
Last Minute Defensive  - 0:00
Total
Forward - 60:00
Defense - 60:00

Play by Play

1st period


0:01 of 1st period - Evgeny Kuznetsov wins face-off versus Bryan Little in neutral zone.
0:01 of 1st period - Reilly Smith is hit by Zach Parise and loses puck.
0:16 of 1st period - Shot by Evgeny Kuznetsov.
0:16 of 1st period - Goal by Evgeny Kuznetsov - Hurricanes : 0 - Canucks : 1.
0:17 of 1st period - Logan Couture wins face-off versus Leo Komarov in neutral zone.
0:24 of 1st period - Minor Penalty to Brian Dumoulin for Interference.
0:25 of 1st period - Adam Henrique wins face-off versus Brad Richardson in Hurricanes zone.
0:44 of 1st period - Shot by Reilly Smith.
0:44 of 1st period - Stopped by Frederik Andersen without a rebound.
0:45 of 1st period - Brian Boyle wins face-off versus Logan Couture in Hurricanes zone.
0:51 of 1st period - Icing by Simon Despres.
0:52 of 1st period - Brian Boyle wins face-off versus Logan Couture in Canucks zone.
1:17 of 1st period - Shot by Mikkel Boedker.
1:17 of 1st period - Stopped by Frederik Andersen without a rebound.
1:18 of 1st period - Brian Boyle wins face-off versus Evgeny Kuznetsov in Hurricanes zone.
2:34 of 1st period - Chris Kreider is hit by Keith Yandle and loses puck.
2:48 of 1st period - Shot by Robby Fabbri.
2:48 of 1st period - Stopped by Frederik Andersen without a rebound.
2:49 of 1st period - Radek Faksa wins face-off versus Bryan Little in Hurricanes zone.
2:54 of 1st period - Shot by Curtis Lazar.
2:54 of 1st period - Shot Misses the Net.
3:04 of 1st period - Shot by Radek Faksa.
3:04 of 1st period - Shot Blocked by Dustin Byfuglien.
3:11 of 1st period - Minor Penalty to Matt Beleskey for Cross-checking.
3:12 of 1st period - Radek Faksa wins face-off versus Leo Komarov in Canucks zone.
3:25 of 1st period - Shot by Lee Stempniak.
3:25 of 1st period - Shot Misses the Net.
3:29 of 1st period - Shot by Dustin Byfuglien.
3:29 of 1st period - Stopped by Henrik Lundqvist without a rebound.
3:30 of 1st period - Bryan Little wins face-off versus Curtis Lazar in Canucks zone.
5:07 of 1st period - Shot by Leo Komarov.
5:07 of 1st period - Shot Misses the Net.
5:09 of 1st period - Shot by Leo Komarov.
5:09 of 1st period - Deflect By Lee Stempniak.
5:09 of 1st period - Stopped by Henrik Lundqvist without a rebound.
5:10 of 1st period - Radek Faksa wins face-off versus Leo Komarov in Canucks zone.
5:28 of 1st period - Shot by Brad Richardson.
5:28 of 1st period - Stopped by Henrik Lundqvist with a rebound.
5:30 of 1st period - Shot by Brian Dumoulin.
5:30 of 1st period - Shot Blocked by Alex Pietrangelo.
6:18 of 1st period - Shot by Michael Frolik.
6:18 of 1st period - Shot Blocked by Brent Burns.
6:20 of 1st period - Shot by Bryan Little.
6:20 of 1st period - Deflect By Zach Parise.
6:20 of 1st period - Stopped by Henrik Lundqvist without a rebound.
6:21 of 1st period - Leo Komarov wins face-off versus Logan Couture in Canucks zone.
6:45 of 1st period - Shot by Mikkel Boedker.
6:45 of 1st period - Shot Misses the Net.
6:49 of 1st period - Shot by Logan Couture.
6:49 of 1st period - Stopped by Frederik Andersen with a rebound.
6:53 of 1st period - Shot by Adam Henrique.
6:53 of 1st period - Stopped by Frederik Andersen without a rebound.
6:54 of 1st period - Robby Fabbri wins face-off versus Brad Richardson in Hurricanes zone.
6:54 of 1st period - Alexander Burmistrov is hit by Brian Dumoulin.
6:56 of 1st period - Shot by Chris Kreider.
6:56 of 1st period - Deflect By Robby Fabbri.
6:56 of 1st period - Stopped by Frederik Andersen without a rebound.
6:56 of 1st period - Minor Penalty to Frederik Andersen for Slashing.
6:57 of 1st period - Logan Couture wins face-off versus Brad Richardson in Hurricanes zone.
6:58 of 1st period - Shot by Erik Karlsson.
6:58 of 1st period - Stopped by Frederik Andersen with a rebound.
8:09 of 1st period - Shot by Reilly Smith.
8:09 of 1st period - Shot Misses the Net.
8:45 of 1st period - Shot by Brent Burns.
8:45 of 1st period - Shot Misses the Net.
8:47 of 1st period - Shot by Evander Kane.
8:47 of 1st period - Deflect By Logan Couture.
8:47 of 1st period - Shot Misses the Net.
8:49 of 1st period - Shot by Brent Burns.
8:49 of 1st period - Shot Blocked by Ron Hainsey.
8:51 of 1st period - Shot by Brent Burns.
8:51 of 1st period - Stopped by Frederik Andersen without a rebound.
8:52 of 1st period - Brian Boyle wins face-off versus Evgeny Kuznetsov in Hurricanes zone.
8:52 of 1st period - Brian Boyle is hit by Evgeny Kuznetsov.
9:27 of 1st period - Alexander Burmistrov is hit by Brian Strait and loses puck.
10:14 of 1st period - Shot by Nick Foligno.
10:14 of 1st period - Stopped by Henrik Lundqvist with a rebound.
11:00 of 1st period - Shot by Zach Parise.
11:00 of 1st period - Shot Blocked by Logan Couture.
11:02 of 1st period - Shot by Zach Parise.
11:02 of 1st period - Shot Blocked by Alex Pietrangelo.
11:04 of 1st period - Shot by Bryan Little.
11:04 of 1st period - Stopped by Henrik Lundqvist without a rebound.
11:05 of 1st period - Evgeny Kuznetsov wins face-off versus Leo Komarov in Canucks zone.
11:18 of 1st period - Shot by Evgeny Kuznetsov.
11:18 of 1st period - Shot Blocked by Kyle Quincey.
12:14 of 1st period - Shot by Brad Richardson.
12:14 of 1st period - Shot Misses the Net.
12:22 of 1st period - Shot by Nick Foligno.
12:22 of 1st period - Stopped by Henrik Lundqvist without a rebound.
12:23 of 1st period - Robby Fabbri wins face-off versus Bryan Little in Canucks zone.
12:56 of 1st period - Robby Fabbri is hit by Michael Frolik and loses puck.
13:03 of 1st period - Shot by Zach Parise.
13:03 of 1st period - Deflect By Michael Frolik.
13:03 of 1st period - Stopped by Henrik Lundqvist without a rebound.
13:04 of 1st period - Brad Richardson wins face-off versus Logan Couture in Canucks zone.
13:07 of 1st period - Shot by Dustin Byfuglien.
13:07 of 1st period - Shot Misses the Net.
14:08 of 1st period - Shot by Jamie McGinn.
14:08 of 1st period - Shot Blocked by Erik Karlsson.
14:12 of 1st period - Shot by Leo Komarov.
14:12 of 1st period - Stopped by Henrik Lundqvist without a rebound.
14:13 of 1st period - Evgeny Kuznetsov wins face-off versus Bryan Little in Canucks zone.
14:32 of 1st period - Shot by Bryan Little.
14:32 of 1st period - Shot Hit the Post.
14:34 of 1st period - Shot by Michael Frolik.
14:34 of 1st period - Goal by Michael Frolik - Hurricanes : 1 - Canucks : 1.
14:35 of 1st period - Leo Komarov wins face-off versus Robby Fabbri in neutral zone.
14:44 of 1st period - Shot by Leo Komarov.
14:44 of 1st period - Stopped by Henrik Lundqvist without a rebound.
14:45 of 1st period - Evgeny Kuznetsov wins face-off versus Bryan Little in Canucks zone.
15:10 of 1st period - Shot by Evgeny Kuznetsov.
15:10 of 1st period - Shot Misses the Net.
15:12 of 1st period - Shot by Reilly Smith.
15:12 of 1st period - Stopped by Frederik Andersen with a rebound.
15:14 of 1st period - Shot by Brent Burns.
15:14 of 1st period - Goal by Brent Burns - Hurricanes : 1 - Canucks : 2.
15:15 of 1st period - Logan Couture wins face-off versus Leo Komarov in neutral zone.
15:27 of 1st period - Simon Despres is hit by Lee Stempniak and loses puck.
15:42 of 1st period - Shot by Leo Komarov.
15:42 of 1st period - Shot Misses the Net.
15:44 of 1st period - Shot by Lee Stempniak.
15:44 of 1st period - Deflect By Jamie McGinn.
15:44 of 1st period - Stopped by Henrik Lundqvist without a rebound.
15:45 of 1st period - Evgeny Kuznetsov wins face-off versus Bryan Little in Canucks zone.
15:54 of 1st period - Alex Pietrangelo is hit by Dustin Byfuglien and loses puck.
16:07 of 1st period - Shot by Reilly Smith.
16:07 of 1st period - Stopped by Frederik Andersen without a rebound.
16:08 of 1st period - Logan Couture wins face-off versus Brad Richardson in Hurricanes zone.
17:03 of 1st period - Cody Ceci is hit by Zach Parise and loses puck.
17:10 of 1st period - Bryan Little is hit by Cody Ceci and loses puck.
17:25 of 1st period - Shot by Michael Frolik.
17:25 of 1st period - Shot Blocked by Jonas Brodin.
17:33 of 1st period - Shot by Michael Frolik.
17:33 of 1st period - Shot Hit the Post.
17:35 of 1st period - Shot by Michael Frolik.
17:35 of 1st period - Shot Blocked by Jonas Brodin.
17:37 of 1st period - Shot by Dustin Byfuglien.
17:37 of 1st period - Shot Misses the Net.
17:39 of 1st period - Shot by Michael Frolik.
17:39 of 1st period - Stopped by Henrik Lundqvist without a rebound.
17:40 of 1st period - Robby Fabbri wins face-off versus Lee Stempniak in Canucks zone.
17:51 of 1st period - Shot by Robby Fabbri.
17:51 of 1st period - Shot Misses the Net.
18:01 of 1st period - Shot by Chris Kreider.
18:01 of 1st period - Deflect By Robby Fabbri.
18:01 of 1st period - Shot Misses the Net.
18:03 of 1st period - Shot by Alexander Burmistrov.
18:03 of 1st period - Shot Misses the Net.
18:07 of 1st period - Shot by Alexander Burmistrov.
18:07 of 1st period - Shot Misses the Net.
18:47 of 1st period - Shot by Reilly Smith.
18:47 of 1st period - Stopped by Frederik Andersen with a rebound.
19:47 of 1st period - Shot by Logan Couture.
19:47 of 1st period - Goal by Logan Couture - Hurricanes : 1 - Canucks : 3.
19:47 of 1st period - Eddie Lack enters game.
19:48 of 1st period - Bryan Little wins face-off versus Radek Faksa in neutral zone.
19:48 of 1st period - Michael Frolik is hit by Radek Faksa and loses puck.
19:59 of 1st period - Shot by Zach Parise.
19:59 of 1st period - Stopped by Henrik Lundqvist with a rebound.
Goals for this period are 1 for Hurricanes vs 3 for Canucks.
Shots for this period are 14 for Hurricanes vs 14 for Canucks.

2nd period


0:01 of 2nd period - Evgeny Kuznetsov wins face-off versus Bryan Little in neutral zone.
0:19 of 2nd period - Minor Penalty to Dustin Byfuglien for Holding.
0:20 of 2nd period - Logan Couture wins face-off versus Brad Richardson in Hurricanes zone.
0:25 of 2nd period - Shot by Erik Karlsson.
0:25 of 2nd period - Stopped by Eddie Lack without a rebound.
0:26 of 2nd period - Evgeny Kuznetsov wins face-off versus Brad Richardson in Hurricanes zone.
0:33 of 2nd period - Shot by Reilly Smith.
0:33 of 2nd period - Deflect By Evgeny Kuznetsov.
0:33 of 2nd period - Shot Misses the Net.
0:49 of 2nd period - Shot by Reilly Smith.
0:49 of 2nd period - Shot Misses the Net.
1:01 of 2nd period - Shot by Adam Henrique.
1:01 of 2nd period - Stopped by Eddie Lack without a rebound.
1:02 of 2nd period - Mikkel Boedker wins face-off versus Brad Richardson in Hurricanes zone.
1:20 of 2nd period - Icing by Logan Couture.
1:21 of 2nd period - Brad Richardson wins face-off versus Logan Couture in Canucks zone.
1:33 of 2nd period - Shot by Brent Burns.
1:33 of 2nd period - Shot Misses the Net.
1:35 of 2nd period - Shot by Brent Burns.
1:35 of 2nd period - Stopped by Eddie Lack without a rebound.
1:36 of 2nd period - Brian Boyle wins face-off versus Evgeny Kuznetsov in Hurricanes zone.
1:55 of 2nd period - Icing by Simon Despres.
1:56 of 2nd period - Brian Boyle wins face-off versus Evgeny Kuznetsov in Canucks zone.
2:11 of 2nd period - Shot by Adam Henrique.
2:11 of 2nd period - Stopped by Eddie Lack without a rebound.
2:12 of 2nd period - Logan Couture wins face-off versus Brian Boyle in Hurricanes zone.
2:29 of 2nd period - Shot by Leo Komarov.
2:29 of 2nd period - Stopped by Henrik Lundqvist with a rebound.
2:31 of 2nd period - Shot by Dustin Byfuglien.
2:31 of 2nd period - Shot Blocked by Chris Kreider.
2:41 of 2nd period - Shot by Lee Stempniak.
2:41 of 2nd period - Stopped by Henrik Lundqvist without a rebound.
2:42 of 2nd period - Evgeny Kuznetsov wins face-off versus Bryan Little in Canucks zone.
2:58 of 2nd period - Reilly Smith is hit by Kyle Quincey and loses puck.
4:01 of 2nd period - Shot by Logan Couture.
4:01 of 2nd period - Stopped by Eddie Lack without a rebound.
4:02 of 2nd period - Logan Couture wins face-off versus Lee Stempniak in Hurricanes zone.
4:10 of 2nd period - Shot by Logan Couture.
4:10 of 2nd period - Shot Misses the Net.
4:12 of 2nd period - Shot by Mikkel Boedker.
4:12 of 2nd period - Shot Blocked by Keith Yandle.
4:36 of 2nd period - Jamie McGinn is hit by Jonas Brodin and loses puck.
5:46 of 2nd period - Shot by Chris Kreider.
5:46 of 2nd period - Stopped by Eddie Lack without a rebound.
5:47 of 2nd period - Bryan Little wins face-off versus Evgeny Kuznetsov in Hurricanes zone.
5:47 of 2nd period - Bryan Little is hit by Evander Kane.
6:26 of 2nd period - Shot by Michael Frolik.
6:26 of 2nd period - Deflect By Zach Parise.
6:26 of 2nd period - Goal by Zach Parise - Hurricanes : 2 - Canucks : 3.
6:27 of 2nd period - Leo Komarov wins face-off versus Radek Faksa in neutral zone.
6:29 of 2nd period - Lee Stempniak is hit by Erik Karlsson and loses puck.
6:48 of 2nd period - Shot by Cody Ceci.
6:48 of 2nd period - Shot Blocked by Leo Komarov.
6:50 of 2nd period - Shot by Curtis Lazar.
6:50 of 2nd period - Shot Misses the Net.
6:52 of 2nd period - Shot by Matt Beleskey.
6:52 of 2nd period - Shot Misses the Net.
6:54 of 2nd period - Shot by Cody Ceci.
6:54 of 2nd period - Stopped by Eddie Lack without a rebound.
6:55 of 2nd period - Logan Couture wins face-off versus Brad Richardson in Hurricanes zone.
7:04 of 2nd period - Shot by Marcus Foligno.
7:04 of 2nd period - Shot Misses the Net.
7:06 of 2nd period - Shot by Dustin Byfuglien.
7:06 of 2nd period - Shot Misses the Net.
7:08 of 2nd period - Shot by Nick Foligno.
7:08 of 2nd period - Deflect By Marcus Foligno.
7:08 of 2nd period - Stopped by Henrik Lundqvist without a rebound.
7:09 of 2nd period - Alexander Burmistrov wins face-off versus Bryan Little in Canucks zone.
7:17 of 2nd period - Off-side.
7:18 of 2nd period - Logan Couture wins face-off versus Bryan Little in neutral zone.
7:23 of 2nd period - Icing by Dustin Byfuglien.
7:24 of 2nd period - Bryan Little wins face-off versus Robby Fabbri in Hurricanes zone.
7:45 of 2nd period - Shot by Michael Frolik.
7:45 of 2nd period - Shot Blocked by Erik Karlsson.
7:49 of 2nd period - Shot by Zach Parise.
7:49 of 2nd period - Shot Misses the Net.
10:22 of 2nd period - Shot by Zach Parise.
10:22 of 2nd period - Goal by Zach Parise - Hurricanes : 3 - Canucks : 3.
10:23 of 2nd period - Brian Boyle wins face-off versus Robby Fabbri in neutral zone.
10:26 of 2nd period - Shot by Nick Foligno.
10:26 of 2nd period - Stopped by Henrik Lundqvist without a rebound.
10:27 of 2nd period - Brad Richardson wins face-off versus Robby Fabbri in Canucks zone.
10:38 of 2nd period - Off-side.
10:39 of 2nd period - Evgeny Kuznetsov wins face-off versus Bryan Little in neutral zone.
10:50 of 2nd period - Shot by Evgeny Kuznetsov.
10:50 of 2nd period - Shot Blocked by Dustin Byfuglien.
11:03 of 2nd period - Icing by Jonas Brodin.
11:04 of 2nd period - Brad Richardson wins face-off versus Evgeny Kuznetsov in Canucks zone.
11:08 of 2nd period - Icing by Simon Despres.
11:09 of 2nd period - Evgeny Kuznetsov wins face-off versus Brian Boyle in Canucks zone.
11:13 of 2nd period - Reilly Smith is hit by Brian Strait and loses puck.
12:04 of 2nd period - Shot by Brent Burns.
12:04 of 2nd period - Shot Misses the Net.
12:29 of 2nd period - Off-side.
12:30 of 2nd period - Bryan Little wins face-off versus Chris Kreider in neutral zone.
12:58 of 2nd period - Robby Fabbri is hit by Dustin Byfuglien and loses puck.
13:19 of 2nd period - Ron Hainsey is hit by Chris Kreider and loses puck.
14:13 of 2nd period - Matt Beleskey is hit by Lee Stempniak and loses puck.
14:24 of 2nd period - Icing by Radek Faksa.
14:25 of 2nd period - Radek Faksa wins face-off versus Brad Richardson in Canucks zone.
14:27 of 2nd period - Matt Beleskey is hit by Marcus Foligno and loses puck.
14:44 of 2nd period - Shot by Logan Couture.
14:44 of 2nd period - Shot Blocked by Nick Foligno.
14:54 of 2nd period - Shot by Logan Couture.
14:54 of 2nd period - Shot Blocked by Brad Richardson.
14:56 of 2nd period - Shot by Logan Couture.
14:56 of 2nd period - Stopped by Eddie Lack without a rebound.
14:57 of 2nd period - Leo Komarov wins face-off versus Evgeny Kuznetsov in Hurricanes zone.
15:58 of 2nd period - Off-side.
15:59 of 2nd period - Bryan Little wins face-off versus Logan Couture in neutral zone.
16:27 of 2nd period - Shot by Bryan Little.
16:27 of 2nd period - Shot Misses the Net.
16:33 of 2nd period - Shot by Bryan Little.
16:33 of 2nd period - Stopped by Henrik Lundqvist without a rebound.
16:34 of 2nd period - Robby Fabbri wins face-off versus Brad Richardson in Canucks zone.
17:12 of 2nd period - Shot by Chris Kreider.
17:12 of 2nd period - Stopped by Eddie Lack without a rebound.
17:13 of 2nd period - Bryan Little wins face-off versus Logan Couture in Hurricanes zone.
17:52 of 2nd period - Shot by Zach Parise.
17:52 of 2nd period - Shot Misses the Net.
18:49 of 2nd period - Shot by Evander Kane.
18:49 of 2nd period - Deflect By Reilly Smith.
18:49 of 2nd period - Stopped by Eddie Lack without a rebound.
18:50 of 2nd period - Robby Fabbri wins face-off versus Brad Richardson in Hurricanes zone.
19:05 of 2nd period - Shot by Chris Kreider.
19:05 of 2nd period - Stopped by Eddie Lack without a rebound.
19:06 of 2nd period - Bryan Little wins face-off versus Radek Faksa in Hurricanes zone.
19:11 of 2nd period - Shot by Zach Parise.
19:11 of 2nd period - Shot Misses the Net.
19:22 of 2nd period - Shot by Michael Frolik.
19:22 of 2nd period - Stopped by Henrik Lundqvist without a rebound.
19:23 of 2nd period - Evgeny Kuznetsov wins face-off versus Brad Richardson in Canucks zone.
19:23 of 2nd period - Evgeny Kuznetsov is hit by Marcus Foligno.
Goals for this period are 2 for Hurricanes vs 0 for Canucks.
Shots for this period are 8 for Hurricanes vs 11 for Canucks.

3rd period


0:01 of 3rd period - Logan Couture wins face-off versus Bryan Little in neutral zone.
0:18 of 3rd period - Shot by Logan Couture.
0:18 of 3rd period - Shot Blocked by Ron Hainsey.
0:28 of 3rd period - Shot by Bryan Little.
0:28 of 3rd period - Shot Blocked by Brent Burns.
1:07 of 3rd period - Alex Pietrangelo is hit by Leo Komarov and loses puck.
1:14 of 3rd period - Lee Stempniak is hit by Logan Couture and loses puck.
1:22 of 3rd period - Minor Penalty to Alexander Burmistrov for Goalie Interference.
1:23 of 3rd period - Curtis Lazar wins face-off versus Leo Komarov in Canucks zone.
1:58 of 3rd period - Simon Despres is hit by Nick Foligno and loses puck.
3:37 of 3rd period - Icing by Jonas Brodin.
3:38 of 3rd period - Evgeny Kuznetsov wins face-off versus Brian Boyle in Canucks zone.
3:57 of 3rd period - Icing by Jordan Oesterle.
3:58 of 3rd period - Robby Fabbri wins face-off versus Brian Boyle in Hurricanes zone.
4:07 of 3rd period - Shot by Alexander Burmistrov.
4:07 of 3rd period - Stopped by Eddie Lack without a rebound.
4:08 of 3rd period - Jamie McGinn wins face-off versus Radek Faksa in Hurricanes zone.
4:08 of 3rd period - Jamie McGinn is hit by Curtis Lazar.
4:14 of 3rd period - Shot by Lee Stempniak.
4:14 of 3rd period - Deflect By Jamie McGinn.
4:14 of 3rd period - Shot Misses the Net.
4:26 of 3rd period - Shot by Lee Stempniak.
4:26 of 3rd period - Stopped by Henrik Lundqvist without a rebound.
4:27 of 3rd period - Chris Kreider wins face-off versus Bryan Little in Canucks zone.
4:44 of 3rd period - Shot by Michael Frolik.
4:44 of 3rd period - Shot Misses the Net.
6:29 of 3rd period - Icing by Lee Stempniak.
6:30 of 3rd period - Logan Couture wins face-off versus Lee Stempniak in Hurricanes zone.
6:41 of 3rd period - Shot by Logan Couture.
6:41 of 3rd period - Shot Blocked by Dustin Byfuglien.
7:01 of 3rd period - Shot by Bryan Little.
7:01 of 3rd period - Deflect By Zach Parise.
7:01 of 3rd period - Shot Misses the Net.
7:03 of 3rd period - Shot by Bryan Little.
7:03 of 3rd period - Shot Misses the Net.
7:07 of 3rd period - Shot by Zach Parise.
7:07 of 3rd period - Shot Blocked by Simon Despres.
7:09 of 3rd period - Shot by Zach Parise.
7:09 of 3rd period - Shot Misses the Net.
7:11 of 3rd period - Shot by Michael Frolik.
7:11 of 3rd period - Stopped by Henrik Lundqvist without a rebound.
7:12 of 3rd period - Brad Richardson wins face-off versus Radek Faksa in Canucks zone.
7:12 of 3rd period - Brad Richardson is hit by Cody Ceci.
7:25 of 3rd period - Icing by Radek Faksa.
7:26 of 3rd period - Bryan Little wins face-off versus Radek Faksa in Canucks zone.
7:26 of 3rd period - Bryan Little is hit by Erik Karlsson.
7:38 of 3rd period - Brian Dumoulin is hit by Matt Beleskey and loses puck.
8:02 of 3rd period - Minor Penalty to Matt Beleskey for Checking from behind.
8:03 of 3rd period - Leo Komarov wins face-off versus Radek Faksa in Canucks zone.
8:03 of 3rd period - Jordan Oesterle is hit by Alex Pietrangelo and loses puck.
8:06 of 3rd period - Shot by Ron Hainsey.
8:06 of 3rd period - Shot Misses the Net.
8:58 of 3rd period - Shot by Zach Parise.
8:58 of 3rd period - Shot Misses the Net.
9:00 of 3rd period - Shot by Bryan Little.
9:00 of 3rd period - Deflect By Zach Parise.
9:00 of 3rd period - Goal by Zach Parise - Hurricanes : 4 - Canucks : 3.
9:01 of 3rd period - Evgeny Kuznetsov wins face-off versus Brad Richardson in neutral zone.
9:32 of 3rd period - Shot by Evander Kane.
9:32 of 3rd period - Shot Blocked by Kyle Quincey.
9:34 of 3rd period - Shot by Erik Karlsson.
9:34 of 3rd period - Shot Blocked by Jordan Oesterle.
9:43 of 3rd period - Minor Penalty to Marcus Foligno for Boarding.
9:44 of 3rd period - Brad Richardson wins face-off versus Logan Couture in Hurricanes zone.
9:53 of 3rd period - Alex Pietrangelo is hit by Brian Boyle and loses puck.
10:15 of 3rd period - Shot by Mikkel Boedker.
10:15 of 3rd period - Stopped by Eddie Lack without a rebound.
10:16 of 3rd period - Brad Richardson wins face-off versus Evgeny Kuznetsov in Hurricanes zone.
11:09 of 3rd period - Brad Richardson is hit by Evander Kane.
11:41 of 3rd period - Shot by Simon Despres.
11:41 of 3rd period - Stopped by Eddie Lack with a rebound.
11:43 of 3rd period - Shot by Logan Couture.
11:43 of 3rd period - Shot Blocked by Brian Strait.
11:49 of 3rd period - Alexander Burmistrov is hit by Leo Komarov and loses puck.
11:54 of 3rd period - Shot by Leo Komarov.
11:54 of 3rd period - Shot Misses the Net.
11:58 of 3rd period - Shot by Lee Stempniak.
11:58 of 3rd period - Stopped by Henrik Lundqvist without a rebound.
11:59 of 3rd period - Radek Faksa wins face-off versus Brian Boyle in Canucks zone.
12:13 of 3rd period - Shot by Nick Foligno.
12:13 of 3rd period - Shot Misses the Net.
12:34 of 3rd period - Icing by Jonas Brodin.
12:35 of 3rd period - Leo Komarov wins face-off versus Radek Faksa in Canucks zone.
12:50 of 3rd period - Shot by Lee Stempniak.
12:50 of 3rd period - Shot Misses the Net.
12:56 of 3rd period - Shot by Lee Stempniak.
12:56 of 3rd period - Shot Misses the Net.
12:58 of 3rd period - Shot by Ron Hainsey.
12:58 of 3rd period - Stopped by Henrik Lundqvist without a rebound.
12:59 of 3rd period - Bryan Little wins face-off versus Logan Couture in Canucks zone.
13:47 of 3rd period - Adam Henrique is hit by Brian Strait and loses puck.
14:11 of 3rd period - Evgeny Kuznetsov is hit by Brian Strait and loses puck.
14:59 of 3rd period - Shot by Marcus Foligno.
14:59 of 3rd period - Stopped by Henrik Lundqvist without a rebound.
15:00 of 3rd period - Robby Fabbri wins face-off versus Zach Parise in Canucks zone.
15:02 of 3rd period - Minor Penalty to Chris Kreider for Hooking.
15:03 of 3rd period - Bryan Little wins face-off versus Radek Faksa in Canucks zone.
15:14 of 3rd period - Shot by Dustin Byfuglien.
15:14 of 3rd period - Shot Blocked by Jonas Brodin.
15:16 of 3rd period - Shot by Dustin Byfuglien.
15:16 of 3rd period - Stopped by Henrik Lundqvist without a rebound.
15:17 of 3rd period - Radek Faksa wins face-off versus Leo Komarov in Canucks zone.
15:33 of 3rd period - Adam Henrique is hit by Nick Foligno and loses puck.
15:38 of 3rd period - Shot by Ron Hainsey.
15:38 of 3rd period - Goal by Ron Hainsey - Hurricanes : 5 - Canucks : 3.
15:39 of 3rd period - Michael Frolik wins face-off versus Robby Fabbri in neutral zone.
15:45 of 3rd period - Shot by Chris Kreider.
15:45 of 3rd period - Shot Blocked by Brian Dumoulin.
15:47 of 3rd period - Shot by Alex Pietrangelo.
15:47 of 3rd period - Shot Hit the Post.
15:49 of 3rd period - Shot by Alexander Burmistrov.
15:49 of 3rd period - Stopped by Eddie Lack with a rebound.
15:51 of 3rd period - Shot by Alexander Burmistrov.
15:51 of 3rd period - Stopped by Eddie Lack without a rebound.
15:52 of 3rd period - Logan Couture wins face-off versus Leo Komarov in Hurricanes zone.
16:12 of 3rd period - Off-side.
16:13 of 3rd period - Bryan Little wins face-off versus Robby Fabbri in neutral zone.
17:29 of 3rd period - Shot by Adam Henrique.
17:29 of 3rd period - Shot Blocked by Brian Dumoulin.
17:36 of 3rd period - Michael Frolik is hit by Simon Despres and loses puck.
17:54 of 3rd period - Dustin Byfuglien is hit by Adam Henrique and loses puck.
18:22 of 3rd period - Shot by Nick Foligno.
18:22 of 3rd period - Shot Blocked by Simon Despres.
18:24 of 3rd period - Shot by Brad Richardson.
18:24 of 3rd period - Stopped by Henrik Lundqvist with a rebound.
18:49 of 3rd period - Kyle Quincey is hit by Cody Ceci and loses puck.
19:30 of 3rd period - Off-side.
19:31 of 3rd period - Robby Fabbri wins face-off versus Nick Foligno in neutral zone.
Goals for this period are 2 for Hurricanes vs 0 for Canucks.
Shots for this period are 9 for Hurricanes vs 5 for Canucks.